 Dungeon Crawl Stone Soup version 0.21.1-1-g345015f (webtiles) character file.

12073 ursun the Covert (level 11, -11/87 HPs)
             Began as a Ghoul Monk on Apr 6, 2018.
             Was an Elder of Hepliaklqana.
             Killed by divine providence
             ... invoked by an orc priest
              (15 damage)
             ... on level 11 of the Dungeon.
             The game lasted 00:49:49 (13428 turns).

ursun the Covert (Ghoul Monk)                      Turns: 13428, Time: 00:49:50

Health: -11/87     AC: 22    Str: 19    XL:     11   Next: 87%
Magic:  11/14      EV:  9    Int:  7    God:    Hepliaklqana [****..]
Gold:   332        SH:  0    Dex:  6    Spells: 10/10 levels left

rFire    . . .     SeeInvis +     - Unarmed
rCold    + . .     Gourm    .   (no shield)
rNeg     + + +     Faith    .   h - +0 chain mail
rPois    ∞         Spirit   .   D - +0 helmet
rElec    .         Reflect  .   L - +2 cloak
rCorr    .         Harm     .   g - +0 pair of gloves
MR       .....                  y - +1 pair of boots "Woyl" {rN+ Int+2 Dex-5 Slay+2}
Stlth    +.........             (no amulet)
HPRegen  0.00/turn              v - +4 ring of protection
MPRegen  0.14/turn              w - ring of see invisible

@: rotting
A: rotting body, reduced essence, claws 1, carnivore, cold resistance 1,
negative energy resistance 3, inhibited regeneration, torment resistance,
unbreathing
a: Recall Ancestor, Ancestor Identity, Transference, Idealise, Renounce Religion


You were on level 11 of the Dungeon.
You worshipped Hepliaklqana.
Hepliaklqana was greatly pleased with you.
You were not hungry.

You visited 1 branch of the dungeon, and saw 11 of its levels.
You also visited: Sewer.

You collected 574 gold pieces.
You spent 242 gold pieces at shops.

Inventory:

Armour
 a - a +0 robe
 g - a +0 pair of gloves (worn)
 h - a +0 chain mail (worn)
 y - the +1 pair of boots "Woyl" (worn) {rN+ Int+2 Dex-5 Slay+2}
   (You found it on level 5 of the Dungeon)

   It affects your intelligence (+2).
   It affects your dexterity (-5).
   It affects your accuracy and damage with ranged weapons and melee attacks
   (+2).
   It protects you from negative energy.
 D - a +0 helmet (worn)
 K - a +0 cloak
 L - a +2 cloak (worn)
 P - a +0 shield
Jewellery
 o - an uncursed ring of resist corrosion
 p - an uncursed ring of stealth
 v - a +4 ring of protection (left hand)
 w - a ring of see invisible (right hand)
 A - a cursed -2 ring of intelligence
Wands
 q - a wand of polymorph (20)
 t - a wand of scattershot (7)
 z - a wand of enslavement (24)
 B - a wand of acid (19)
 C - a wand of flame (33)
 N - a wand of digging (7)
 V - a wand of paralysis (9)
Scrolls
 c - 3 scrolls of remove curse
 d - 5 scrolls of identify
 e - 2 scrolls of enchant weapon
 n - 2 scrolls of fear
 s - a scroll of amnesia {unknown}
 u - 2 scrolls of random uselessness {unknown}
 E - a scroll of fog {unknown}
 F - 3 scrolls of blinking {unknown}
 I - 2 scrolls of teleportation {unknown}
 M - a scroll of vulnerability {unknown}
 S - a scroll of holy word {unknown}
 T - 2 scrolls of immolation {unknown}
Potions
 f - 5 potions of curing
 i - 3 potions of heal wounds
 j - 2 potions of haste {unknown}
 k - 3 potions of resistance {unknown}
 l - 3 potions of agility
 m - 2 potions of cancellation {unknown}
 r - 2 potions of lignification {unknown}
 x - a potion of degeneration {unknown}
 G - a potion of magic {unknown}
 H - 2 potions of might {unknown}
 J - 2 potions of brilliance {unknown}
Books
 O - a Young Poisoner's Handbook

   Spells                             Type                      Level
   a - Sting                          Conjuration/Poison           1
   b - Poisonous Vapours              Poison/Air                   2
   c - Mephitic Cloud                 Conjuration/Poison/Air       3
   d - Olgreb's Toxic Radiance        Poison                       4
   e - Venom Bolt                     Conjuration/Poison           5
 U - a book of Frost

   Spells                             Type                      Level
   a - Freeze                         Ice                          1
   b - Throw Frost                    Conjuration/Ice              2
   c - Ozocubu's Armour               Charms/Ice                   3
   d - Throw Icicle                   Conjuration/Ice              4
   e - Summon Ice Beast               Ice/Summoning                4
Miscellaneous
 Q - a fan of gales
Comestibles
 b - 17 rations
 R - 8 chunks of flesh


   Skills:
 + Level 9.2 Fighting
 + Level 7.0 Armour
 + Level 7.6 Dodging
 + Level 9.5 Stealth
 + Level 3.3 Shields
 + Level 9.0 Unarmed Combat
 + Level 6.4 Invocations


You had 10 spell levels left.
You didn't know any spells.

Dungeon Overview and Level Annotations

Branches:
Dungeon (11/15)            Temple (0/1) D:4
   Lair: D:8-11         Orc: D:9-12

Altars:
Cheibriados
Elyvilon
Fedhas
Hepliaklqana
Makhleb
Nemelex Xobeh
Qazlal
Uskayaw
Xom
Zin

Shops:
D:6 [   D:8 [


Innate Abilities, Weirdness & Mutations

Your body is rotting away.
You thrive on raw meat.
You are immune to poison.
You have sharp fingernails.
You are carnivorous and can eat meat at any time.
Your flesh is cold resistant. (rC+)
You are immune to negative energy. (rN+++)
You do not regenerate when monsters are visible.
You are immune to unholy pain and torment.
You can survive without breathing.
Your life essence is reduced to manifest your ancestor. (-10% HP)


Message History

The worker ant barely misses Amenemopet.
Amenemopet barely misses the worker ant.
As you read the scroll of fear, it crumbles to dust.
You assume a fearsome visage.
The orc priest looks frightened!
The orc looks frightened!
The orc priest looks frightened!
The howler monkey looks frightened!
The worker ant looks frightened!
Amenemopet is unaffected.
The howler monkey hits the orc.
The howler monkey's attack snaps the orc out of its fear.
The orc priest begs for mercy.
The orc priest hits Amenemopet but does no damage.
Amenemopet hits the orc priest with a dagger of draining!!
The orc priest dies!
The orc priest invokes the aid of Beogh against you.
Beogh smites you!
* * * LOW HITPOINT WARNING * * *
The orc priest cheers to no one in particular.
The orc priest invokes the aid of Beogh against you.
Beogh smites you!
You die...

#..###### #.#
#.......###.###.#
##.####.##...##.#
####.##. #.# #.##...##.#
#.. ..#..... #.#
#.##...##.# #.###.#.....
#.# #.........#
#.#........= #.#
#.........# #.#.#.#.....
#.#
#.........###...........
#.
####...@.....o........#
#...##.###.R.o.....#
#...##.o...h.........
##########.ho.†......
##...#...##. ##......#
####..... #......
#?....#


You could see the friendly Amenemopet the hexer, an orc priest and an orc.

Vanquished Creatures
  4 two-headed ogres
  2 unseen horrors (D:10)
  2 trolls
  A hippogriff (D:9)
  A centaur simulacrum (D:9)
  Eustachio (D:5)
  2 yaks (D:9)
  A wyvern (D:11)
  Edmund (D:5)
  3 orc warriors (D:10)
  A hornet zombie (D:8)
  2 ice beasts
  A phantom (D:10)
  3 sky beasts
  3 slaves (D:4)
  A black bear (D:10)
  5 ogres
  2 centaurs
  3 big kobolds
  3 bullfrogs
  A wyvern skeleton (D:9)
  2 scorpions
  A water moccasin skeleton (D:8)
  5 wights (D:10)
  4 killer bees (D:7)
  A howler monkey (D:8)
  3 crimson imps
  A bullfrog zombie (D:6)
  A quasit (D:10)
  5 jellies
  3 orc priests
  12 orc wizards
  A centaur skeleton (D:5)
  2 hounds (D:5)
  2 bullfrog skeletons
  An iron imp (D:5)
  Ijyb (D:5)
  3 worker ants
  2 iguanas
  2 worker ant zombies
  14 gnolls
  A howler monkey skeleton (D:5)
  7 adders
  3 oozes (D:9)
  3 worms (D:2)
  A dart slug (D:1)
  A leopard gecko (D:7)
  18 orcs
  2 ball pythons (Sewer)
  7 giant cockroaches
  7 goblins
  3 hobgoblins
  14 jackals
  23 kobolds
  4 quokkas
  12 bats
  8 frilled lizards
  2 quokka skeletons
  A quokka zombie (D:9)
  10 rats
236 creatures vanquished.

Vanquished Creatures (collateral kills)
  Pikel (D:3)
  Psyche (D:8)
  A hornet (D:8)
  A hippogriff (D:8)
  Prince Ribbit (D:5)
  A yak (D:9)
  3 sky beasts
  A necrophage (D:11)
  4 bullfrogs
  A scorpion (D:8)
  2 killer bees (D:7)
  3 wights (D:10)
  5 howler monkeys
  2 hounds
  2 iguanas
  A jelly (D:9)
  5 orc wizards
  4 orc priests
  A worker ant (D:6)
  A worker ant zombie (D:7)
  6 adders
  8 gnolls
  2 shadow imps
  2 oozes (D:9)
  A dart slug (D:4)
  2 leopard geckos (D:5)
  25 orcs
  3 ball pythons (Sewer)
  A bat (D:3)
  A giant cockroach (D:6)
  2 goblins
  A jackal (D:8)
  4 quokkas
  4 kobolds
103 creatures vanquished.

Vanquished Creatures (others)
  10 hexers
  4 toadstools (D:1)
14 creatures vanquished.

Grand Total: 353 creatures vanquished

Notes
Turn   | Place    | Note
-------+----------+-------------------------------------------
     0 | D:1      | ursun the Ghoul Monk began the quest for the Orb.
     0 | D:1      | Reached XP level 1. HP: 19/19 MP: 0/0
   169 | D:1      | Reached XP level 2. HP: 26/26 MP: 1/1
  1316 | D:1      | Reached XP level 3. HP: 16/31 MP: 2/2
  1785 | D:2      | Found a glowing silver altar of Zin.
  1856 | D:2      | Reached skill level 1 in Armour
  2138 | D:2      | Found a hazy altar of Hepliaklqana.
  2145 | D:2      | Became a worshipper of Hepliaklqana the Forgotten
  2145 | D:2      | Reached * piety under Hepliaklqana
  2145 | D:2      | Reached ** piety under Hepliaklqana
  2147 | D:2      | Remembered your ancestor Amenemopet as a hexer
  2781 | D:2      | Found a sparkling altar of Nemelex Xobeh.
  2852 | D:3      | Found a white marble altar of Elyvilon.
  2854 | D:3      | Reached XP level 4. HP: 36/36 MP: 3/3
  3444 | D:3      | Found a snail-covered altar of Cheibriados.
  3446 | D:3      | Found a shimmering altar of Xom.
  3446 | D:3      | Found a blossoming altar of Fedhas.
  3448 | D:3      | Found a snail-covered altar of Cheibriados.
  3448 | D:3      | Found a sacrificial altar of Ru.
  3448 | D:3      | Found a shimmering altar of Xom.
  3515 | D:3      | Found a stormy altar of Qazlal.
  3649 | D:3      | Reached XP level 5. HP: 40/41 MP: 4/4
  3660 | D:3      | Found a burning altar of Makhleb.
  3748 | D:4      | Noticed Pikel
  3748 | D:4      | Noticed a slave
  3748 | D:4      | Noticed a slave
  3748 | D:4      | Noticed a slave
  3748 | D:4      | Noticed a slave
  3818 | D:4      | Found a staircase to the Ecumenical Temple.
  4059 | D:4      | Reached XP level 6. HP: 32/47 MP: 5/5
  4108 | D:4      | Killed a slave
  4124 | D:4      | Killed a slave
  4125 | D:4      | Killed a slave
  4217 | D:3      | Killed Pikel
  4217 | D:3      | Reached skill level 5 in Fighting
  4217 | D:3      | Reached skill level 5 in Unarmed Combat
  4217 | D:3      | Reached XP level 7. HP: 42/54 MP: 6/6
  4459 | D:4      | Reached *** piety under Hepliaklqana
  4632 | D:5      | Entered Level 5 of the Dungeon
  4667 | D:5      | Reached skill level 5 in Stealth
  4787 | D:5      | Noticed Edmund
  4831 | D:5      | Killed Edmund
  4831 | D:5      | Reached XP level 8. HP: 52/62 MP: 7/7
  4912 | D:5      | Found a hide-covered altar of Uskayaw.
  4912 | D:5      | Noticed a dagger
  4913 | D:5      | Noticed a hand axe
  5259 | D:5      | Got a pair of pitted boots
  5266 | D:5      | Identified the +1 pair of boots "Woyl" {rN+ Int+2 Dex-5 Slay+2} (You found it on level 5 of the Dungeon)
  5485 | D:5      | Noticed Eustachio
  5532 | D:5      | Killed Eustachio
  5532 | D:5      | Reached skill level 5 in Dodging
  5726 | D:5      | Noticed Ijyb
  5744 | D:5      | Killed Ijyb
  5978 | D:5      | Found a snail-covered altar of Cheibriados.
  5997 | D:5      | Reached XP level 9. HP: 62/70 MP: 8/8
  6044 | D:5      | Noticed Prince Ribbit
  6061 | D:5      | Killed Prince Ribbit
  6061 | D:5      | Reached skill level 1 in Invocations
  6341 | D:6      | Found a glowing drain.
  6388 | Sewer    | Entered a sewer
  6426 | Sewer    | Reached **** piety under Hepliaklqana
  6721 | D:6      | Found Faces's Antique Armour Emporium.
  6738 | D:6      | Bought a helmet for 121 gold pieces
  6738 | D:6      | Bought a cloak for 121 gold pieces
  6787 | D:6      | Found a blossoming altar of Fedhas.
  7993 | D:7      | Reached skill level 5 in Armour
  8790 | D:7      | You fall through a shaft!
  8861 | D:8      | Reached XP level 10. HP: 58/77 MP: 11/11
  8956 | D:8      | Noticed Psyche
  8967 | D:8      | Killed Psyche
  9150 | D:8      | Reached ***** piety under Hepliaklqana
  9209 | D:8      | Found Vaonuut's Armour Shop.
  9376 | D:8      | Noticed a two-headed ogre
  9517 | D:8      | Killed a two-headed ogre
 10508 | D:9      | Noticed a two-headed ogre
 10755 | D:9      | Reached skill level 1 in Shields
 11007 | D:9      | Reached skill level 5 in Invocations
 11123 | D:9      | Reached XP level 11. HP: 76/85 MP: 13/13
 11209 | D:9      | Noticed a two-headed ogre
 11224 | D:9      | Killed a two-headed ogre
 11442 | D:9      | Killed a two-headed ogre
 11799 | D:10     | Entered Level 10 of the Dungeon
 12173 | D:10     | Noticed an unseen horror
 12179 | D:10     | Killed an unseen horror
 12335 | D:10     | Noticed a two-headed ogre
 12352 | D:10     | Killed a two-headed ogre
 12772 | D:10     | Noticed an unseen horror
 12779 | D:10     | Killed an unseen horror
 13427 | D:11     | HP: 4/87 [orc priest/divine providence (16)]
 13428 | D:11     | Killed from afar by an orc priest

Skill      XL: |  1  2  3  4  5  6  7  8  9 10 11 |
---------------+----------------------------------+-----
Dodging        | 3 4 5 6 7 |  7.6
Armour         | 1 2 3 4 5 6 7 |  7.0
Stealth        | 3 4 5 6 7 8 9 |  9.5
Fighting       | 4 5 6 7 8 9 |  9.2
Unarmed Combat | 4 5 6 7 8 9 |  9.0
Invocations    | 3 5 6 |  6.4
Shields        | 1 3 |  3.3

Action                   |  1- 3 |  4- 6 |  7- 9 | 10-12 || total
-------------------------+-------+-------+-------+-------++-------
Melee: Unarmed           |   171 |   156 |   433 |   450 ||  1210
       Punch             |     2 |     3 |     7 |    10 ||    22
Invok: Recall Ancestor   |     2 |     4 |     2 |     6 ||    14
       Ancestor Life: He |     1 |       |       |       ||     1
       Ancestor Identity |     1 |       |       |       ||     1
       Idealise          |       |       |       |     4 ||     4
  Use: Scroll            |       |     2 |       |     7 ||     9
       Potion            |       |     1 |       |       ||     1
 Stab: Confused          |       |     1 |     4 |    10 ||    15
       Distracted        |       |     1 |     4 |     4 ||     9
  Eat: Chunk             |     6 |     4 |    13 |    17 ||    40
       Ration            |       |       |     1 |       ||     1
Armor: Robe              |    27 |       |       |       ||    27
       Chain mail        |    27 |   138 |   269 |   258 ||   692
Dodge: Dodged            |   108 |    92 |   178 |   178 ||   556
